 Dungeon Crawl Stone Soup version 0.16-a0-4113-g7d8e295 (webtiles) character file.

6034 vatarom the Basher (level 10, -19/124 HPs)
             Began as an Ogre Hunter on Feb 28, 2015.
             Was a Priest of Okawaru.
             Shot with a poisoned arrow by Nessos (22 damage)
             ... on level 11 of the Dungeon.
             The game lasted 00:19:04 (8602 turns).

vatarom the Basher (Ogre Hunter)                    Turns: 8602, Time: 00:19:05

Health: -19/124    AC: 14    Str: 20    XL:     10   Next: 86%
Magic:  7/10       EV: 12    Int: 10    God:    Okawaru [***...]
Gold:   492        SH:  0    Dex: 12    Spells: 0 memorised, 9 levels left

rFire  . . .     SeeInvis .     h - +0 giant spiked club
rCold  . . .     Clarity  +     d - +1 animal skin
rNeg   . . .     SustAb   .     (shield restricted)
rPois  +         Gourm    .     E - +2 hat
rElec  .         Spirit   .     c - +2 cloak {rPois}
rCorr  .         Warding  .     (gloves unavailable)
rMut   .         Stasis   .     (boots unavailable)
MR     ++...                    o - amulet of clarity
Stlth  +.........               (no ring)
                                a - +5 ring of protection

@: lethally poisoned (-19 -> -26), very resistant to hostile enchantments, very
unstealthy
A: unfitting armour, breathe flames 1, clarity, magic resistance 1, robust 1,
screaming 1, tough skin 1
a: Heroism, Renounce Religion, Breathe Fire


You were on level 11 of the Dungeon.
You worshipped Okawaru.
Okawaru was most pleased with you.
You were not hungry.

You visited 2 branches of the dungeon, and saw 12 of its levels.
You also visited: Sewer.

You collected 492 gold pieces.

Inventory:

Hand weapons
 e - a cursed +0 mace
 f - a +0 whip of freezing
 h - a +0 giant spiked club (weapon)
 j - a +4 whip
Missiles
 p - a large rock (quivered)
 w - 2 throwing nets
Armour
 c - a +2 cloak of poison resistance (worn)
 d - a +1 animal skin (worn)
 E - a +2 hat (worn)
Jewellery
 a - a +5 ring of protection (left hand)
 k - an uncursed amulet of resist corrosion
 o - an amulet of clarity (around neck)
 y - an uncursed ring of fire
Magical devices
 b - a wand of polymorph (0)
 t - a wand of random effects (25)
 v - a wand of flame (15)
 F - a wand of polymorph (18)
 J - a wand of slowing (35)
 K - a wand of draining (8)
Scrolls
 g - 3 scrolls of remove curse
 i - 8 scrolls of identify
 n - 8 scrolls of teleportation
 q - 6 scrolls of magic mapping
 x - a scroll of enchant weapon
 C - a scroll of fog
 L - a scroll of amnesia {unknown}
 N - a scroll of enchant armour
Potions
 l - a potion of cancellation
 s - 2 potions of flight
 u - a potion of restore abilities
 z - 2 potions of magic
 A - 2 potions of might
 D - 3 potions of curing
 G - 3 potions of heal wounds
 H - a potion of invisibility
 M - a potion of brilliance
Comestibles
 m - 4 bread rations
 r - 5 fruits
 B - 4 meat rations
 I - 6 beef jerkies
 O - a royal jelly


   Skills:
 - Level 11.0 Fighting
 - Level 11.6 Maces & Flails
 + Level 10.3 Throwing
 - Level 5.3 Dodging
 - Level 0.7 Stealth


You had 9 spell levels left.
You didn't know any spells.

Dungeon Overview and Level Annotations

Branches:
Dungeon (11/15)            Temple (1/1) D:5
   Lair: D:8-11         Orc: D:9-12

Altars:
Ashenzari
Dithmenos
Fedhas
Makhleb
Nemelex Xobeh
Okawaru
Ru
Sif Muna
Trog
Vehumet
Xom
The Shining One

Shops:
D:7 }   D:11 *

Annotations:
D:6 Prince Ribbit
D:11 Nessos


Innate Abilities, Weirdness & Mutations

You are too large for most types of armour.
You have tough skin (AC +1).
You can breathe flames.
You possess an exceptional clarity of mind.
You are resistant to hostile enchantments.
You are robust (+10% HP).
You occasionally shout uncontrollably at your foes.


Message History

Aim: Nessos, wielding a longbow of flaming and wearing a centaur barding (moderately wounded, fast)
You throw a large rock. The large rock hits Nessos.
Nessos is moderately wounded.
Nessos pounds the earth with his hooves.
Nessos shoots a poisoned arrow.
The poisoned arrow hits you!
* * * LOW HITPOINT WARNING * * *
The poisoned arrow burns you.
* * * LOW HITPOINT WARNING * * *
Read which item? (? for menu, Esc to quit)
As you read the scroll of fog, it crumbles to dust.
The scroll dissolves into smoke.
Nessos shoots a poisoned arrow.
The poisoned arrow closely misses you.
Nessos shoots a poisoned arrow.
The poisoned arrow hits you!
* * * LOW HITPOINT WARNING * * *
The poisoned arrow burns you.
* * * LOW HITPOINT WARNING * * *
You are lethally poisoned!
* * * LOW HITPOINT WARNING * * *
You feel sick.
Nessos shoots a poisoned arrow.
The poisoned arrow hits you!!
You die...

...................
......................
.......................
........#......)........
..c.....###..............
.(.......#...............
.......§.................
.§.....§§§§.....#####.....
......§§§@§(....# #.....
.......§§§.(....# #.....
####..§§....(..# #.....
#...........# #.....
#............. ...
#..............
###############


You could see Nessos.

Vanquished Creatures
  A hydra (D:9)
  Pikel (D:4)
  The ghost of McCoppin the Slasher, an experienced SpGl of Gozag (D:7)
  Grinder (D:4)
  A deep elf mage (D:9)
  A hippogriff (D:8)
  A hungry ghost (D:11)
  A steam dragon (D:7)
  Edmund (D:6)
  Menkaure (D:6)
  2 slaves
  3 sky beasts
  4 ogres
  A black bear (D:8)
  2 orc warriors
  2 phantoms
  4 centaurs
  An eye of draining (D:11)
  2 big kobolds
  9 giant frogs
  Blork the orc (D:4)
  A gnoll sergeant (D:8)
  3 scorpions
  5 crimson imps
  2 giant frog zombies
  A goliath beetle (D:6)
  2 centaur zombies
  3 hounds
  5 orc priests
  4 jellies
  Crazy Yiuf (D:4)
  14 orc wizards
  A giant frog skeleton (D:7)
  4 worker ants
  Natasha (thrice) (D:3)
  2 iguanas
  A worker ant zombie (D:7)
  Robin (D:2)
  3 gnolls (D:8)
  20 adders
  A shadow imp (D:7)
  3 river rats (Sewer)
  3 giant mites
  6 worms
  An adder zombie (D:8)
  2 adder skeletons
  8 giant geckos
  26 orcs
  14 ball pythons
  10 bats
  A bat skeleton (D:7)
  17 hobgoblins
  10 jackals
  2 quokkas (D:3)
  6 giant cockroaches
  6 giant newts
  A giant spore (D:8)
  23 goblins
  A jackal skeleton (D:6)
  25 kobolds
  2 quokka zombies (D:7)
  37 rats
  A ballistomycete (D:8)
323 creatures vanquished.

Vanquished Creatures (collateral kills)
  An orc priest (D:7)
  4 orcs (D:7)
5 creatures vanquished.

Vanquished Creatures (others)
  An orc wizard (D:4)
  2 orcs (D:4)
3 creatures vanquished.

Grand Total: 331 creatures vanquished

Notes
Turn   | Place    | Note
--------------------------------------------------------------
     0 | D:1      | vatarom, the Ogre Hunter, began the quest for the Orb.
     0 | D:1      | Reached XP level 1. HP: 22/22 MP: 1/1
   134 | D:1      | HP: 1/23 [giant gecko (5)]
   135 | D:1      | Reached XP level 2. HP: 1/32 MP: 2/2
   766 | D:1      | Reached XP level 3. HP: 38/40 MP: 3/3
   816 | D:1      | Gained mutation: You can breathe flames. [potion of mutation]
   816 | D:1      | Gained mutation: You are robust (+10% HP). [potion of mutation]
   816 | D:1      | Gained mutation: You are resistant to hostile enchantments. [potion of mutation]
  1169 | D:2      | Noticed Robin
  1172 | D:2      | Reached skill level 5 in Fighting
  1199 | D:2      | Killed Robin
  1199 | D:2      | Reached XP level 4. HP: 23/55 MP: 4/4
  1329 | D:2      | Reached skill level 1 in Maces & Flails
  1859 | D:3      | Reached XP level 5. HP: 63/63 MP: 5/5
  1916 | D:3      | Noticed Natasha
  1927 | D:3      | Killed Natasha
  2046 | D:3      | Reached skill level 5 in Maces & Flails
  2238 | D:3      | Reached XP level 6. HP: 72/72 MP: 6/6
  2300 | D:3      | Noticed Natasha
  2314 | D:3      | Killed Natasha
  2330 | D:3      | Noticed Natasha
  2330 | D:3      | Killed Natasha
  2330 | D:3      | Reached skill level 5 in Throwing
  2526 | D:4      | Found a radiant altar of Vehumet.
  2545 | D:4      | Noticed Blork the orc
  2570 | D:4      | Killed Blork the orc
  2706 | D:4      | Noticed Pikel
  3028 | D:3      | Reached XP level 7. HP: 62/79 MP: 7/7
  3262 | D:4      | Noticed Grinder
  3269 | D:4      | Killed Grinder
  3269 | D:4      | Reached skill level 5 in Dodging
  3694 | D:4      | Got a faintly glowing dagger
  3695 | D:4      | Identified the cursed +2 dagger of Kyowuofo {freeze, rF+ Str+4 Int-4 Dex+4} (You found it on level 4 of the Dungeon)
  3732 | D:4      | Killed Pikel
  3732 | D:4      | Reached skill level 8 in Maces & Flails
  3732 | D:4      | Reached XP level 8. HP: 59/89 MP: 8/8
  3815 | D:4      | Noticed Crazy Yiuf
  3830 | D:4      | Killed Crazy Yiuf
  3830 | D:4      | Reached skill level 9 in Maces & Flails
  4021 | D:5      | Entered Level 5 of the Dungeon
  4257 | D:5      | Found a staircase to the Ecumenical Temple.
  4288 | Temple   | Entered the Ecumenical Temple
  4308 | Temple   | Became a worshipper of Warmaster Okawaru
  4467 | D:5      | Found a glowing drain.
  4477 | D:5      | Reached skill level 10 in Maces & Flails
  4488 | Sewer    | Entered a sewer
  4768 | Sewer    | Reached XP level 9. HP: 91/96 MP: 9/9
  4769 | Sewer    | Reached skill level 11 in Maces & Flails
  5216 | D:6      | Noticed Edmund
  5232 | D:6      | Killed Edmund
  5558 | D:6      | Noticed Menkaure
  5565 | D:6      | Killed Menkaure
  5675 | D:6      | Acquired Okawaru's first power
  5708 | D:6      | Noticed Prince Ribbit
  6453 | D:7      | Found Yqupsit's Gadget Shoppe.
  6457 | D:7      | Reached skill level 10 in Fighting
  6502 | D:7      | Found a shadowy altar of Dithmenos.
  6631 | D:7      | Reached XP level 10. HP: 106/124 MP: 10/10
  6804 | D:7      | Noticed McCoppin's ghost (experienced SpGl)
  6809 | D:7      | Killed McCoppin's ghost
  7998 | D:9      | Noticed a four-headed hydra
  8015 | D:9      | Killed a four-headed hydra
  8040 | D:10     | Entered Level 10 of the Dungeon
  8480 | D:9      | Reached skill level 10 in Throwing
  8489 | D:9      | Gained mutation: You occasionally shout uncontrollably at your foes. [mutagenic meat]
  8490 | D:9      | Gained mutation: You possess an exceptional clarity of mind. [mutagenic meat]
  8502 | D:9      | You fall through a shaft for 2 floors!
  8559 | D:11     | Found Phycac's Assorted Antiques.
  8594 | D:11     | Noticed Nessos
  8601 | D:11     | HP: 5/124 [Nessos/poisoned arrow (6)]
  8602 | D:11     | Shot with a poisoned arrow by Nessos

Action                   |  1- 3 |  4- 6 |  7- 9 | 10-12 || total
-------------------------+-------+-------+-------+-------++-------
Melee: Short sword       |    17 |       |       |       ||    17
       Mace              |    90 |     8 |       |       ||    98
       Whip              |       |   230 |    88 |       ||   318
       Giant spiked club |       |       |   407 |   229 ||   636
Throw: Large rock        |    11 |    21 |     9 |     3 ||    44
       Throwing net      |       |     2 |     1 |       ||     3
Invok: Heroism           |       |       |       |     1 ||     1
 Abil: Breathe Fire      |     1 |       |       |       ||     1
Evoke: Wand              |       |     1 |       |       ||     1
  Use: Scroll            |     6 |     4 |     4 |     3 ||    17
       Potion            |     3 |    11 |     5 |       ||    19
  Eat: Meat ration       |     1 |     1 |     1 |       ||     3
       Chunk             |       |     1 |       |     3 ||     4
       Bread ration      |       |       |     1 |     2 ||     3
       Beef jerky        |       |       |     1 |       ||     1
